Map: [ESL] Goldenaura

Players

ByuN

  • Race: Terran Terran
  • Spawn Location: 5:00

Dark - Winner!

  • Race: Zerg Zerg
  • Spawn Location: 12:00

VOD

Have the link to the VOD?

Description

Time

  • Played on: Dec. 11, 2023, 7:58 a.m.
  • Length: 13:49
Show
View Real Time Build Order
Export as new Build Order

ByuN Terran 

Build Orders:  

Get SALT Encoding   

  12  0:00  SCV  
  13  0:12  SCV  
  14  0:17  Supply Depot  
  14  0:24  SCV  
  15  0:39  SCV  
  15  0:40  Barracks  
  16  0:43  Refinery  
  16  0:51  SCV  
  17  1:00  Barracks  
  18  1:04  SCV  
  18  1:16  SCV  
  19  1:22  Barracks  
  19  1:28  Reaper  
  20  1:38  Orbital Command  
  20  1:45  Refinery  
  20  1:48  Reaper  
  21  1:56  Supply Depot  
  21  2:05  Reaper  
  21  2:06  SCV  
  23  2:18  SCV  
  23  2:22  Reaper  
  25  2:30  SCV  
  26  2:39  Reaper  
  26  2:41  Command Center  
  26  2:42  SCV  
  28  2:54  SCV  
  28  2:56  Supply Depot  
  29  3:10  SCV  
  30  3:15  Reaper  
  30  3:16  Command Center  
  30  3:18  Reaper  
  32  3:24  SCV  
  33  3:36  SCV, Factory  
  34  3:48  SCV  
  34  3:50  Barracks Tech Lab, Barracks Reactor  
  34  3:59  Orbital Command  
  34  4:00  SCV  
  35  4:10  Marine  
  35  4:11  Stimpack  
  35  4:12  SCV  
  36  4:24  SCV  
  36  4:25  SCV  
  36  4:28  Marine x3  
  36  4:29  Orbital Command  
  36  4:30  Engineering Bay x2  
  41  4:35  Starport  
  41  4:36  Factory Reactor  
  42  4:38  SCV  
  42  4:40  SCV  
  43  4:46  Marine  
  43  4:47  Marine x2  
  43  4:50  SCV  
  43  4:52  SCV  
  48  4:56  Terran Infantry Weapons Level 1  
  48  4:57  SCV  
  49  5:02  SCV, Terran Infantry Armor Level 1  
  49  5:04  SCV  
  51  5:08  Marine x3  
  51  5:09  SCV  
  51  5:12  Refinery x2  
  55  5:14  SCV  
  55  5:16  SCV  
  55  5:20  Supply Depot  
  57  5:21  SCV  
  57  5:26  SCV, Marine x3, Factory Tech Lab  
  62  5:34  SCV  
  62  5:35  SCV  
  66  5:38  Medivac  
  66  5:39  SCV  
  66  5:40  Medivac  
  66  5:42  Orbital Command  
  69  5:43  Marine  
  69  5:44  Marine x2  
  69  5:47  Supply Depot x2  
  73  5:50  SCV  
  73  5:51  SCV  
  73  5:55  Siege Tank  
  77  6:08  Marine x3  
  77  6:09  SCV x3  
  77  6:10  Supply Depot  
  83  6:12  Armory  
  83  6:17  Starport Reactor  
  83  6:19  Barracks  
  83  6:21  SCV x3  
  83  6:23  Combat Shield  
  86  6:32  Barracks  
  86  6:33  SCV x3, Barracks  
  86  6:34  Marine x2  
  86  6:36  Marine  
  95  6:40  Siege Tank  
  95  6:45  SCV x3  
  96  6:52  Marine x2  
  96  6:54  Marine  
  98  6:57  SCV  
  98  6:58  SCV x2  
  97  7:02  Supply Depot  
  97  7:03  Supply Depot  
  97  7:06  Marine x2  
  99  7:09  SCV  
  99  7:10  Marine  
  99  7:12  Terran Infantry Armor Level 2, Terran Infantry Weapons Level 2  
  101  7:19  Factory  
  101  7:21  Barracks Reactor  
  101  7:22  Barracks Reactor  
  101  7:24  SCV x2, Marine x4  
  101  7:26  Supply Depot x2  
  101  7:28  Supply Depot, Marine  
  101  7:29  Refinery  
  109  7:30  SCV  
  109  7:36  SCV x2  
  111  7:37  Medivac  
  111  7:40  Medivac  
  111  7:44  Command Center  
  115  7:45  SCV  
  115  7:48  Supply Depot, SCV x2  
  118  7:51  Marine x4  
  118  7:54  Widow Mine  
  118  7:56  Drilling Claws  
  125  7:58  Terran Vehicle And Ship Armor Level 1  
  125  8:00  Supply Depot  
  125  8:01  SCV  
  125  8:02  SCV x2  
  125  8:03  Factory Reactor  
  125  8:05  Supply Depot  
  128  8:08  Marine x4  
  128  8:09  Marine  
  132  8:14  SCV x3  
  132  8:17  Barracks x2  
  132  8:18  Barracks  
  135  8:20  Widow Mine  
  137  8:27  Supply Depot  
  137  8:28  Marine x4  
  137  8:29  Marine x5  
  145  8:42  Widow Mine  
  145  8:46  Marine  
  147  8:48  Marine x2  
  147  8:49  Marine  
  147  8:54  Marine  
  147  8:55  Marine  
  132  8:57  Marine x2  
  129  9:03  Widow Mine  
  129  9:05  Supply Depot  
  129  9:06  Supply Depot, Widow Mine x2  
  134  9:10  Barracks Tech Lab x2  
  134  9:13  Barracks Tech Lab  
  134  9:19  SCV x3  
  137  9:24  Widow Mine  
  137  9:26  Command Center x2  
  137  9:28  Hellbat  
  137  9:31  Widow Mine  
  143  9:36  Marauder  
  143  9:37  Concussive Shells, Marauder x3  
  151  9:40  Terran Infantry Weapons Level 3  
  150  9:46  Widow Mine  
  150  9:47  Terran Infantry Armor Level 3  
  150  9:48  Marine x2  
  150  9:49  Marine, Widow Mine  
  157  10:01  Marauder x3  
  157  10:02  Marauder  
  157  10:04  Marine x2  
  157  10:06  Marine  
  157  10:07  Marine  
  168  10:08  SCV  
  168  10:09  SCV x2  
  172  10:16  Supply Depot  
  172  10:17  Supply Depot  
  172  10:20  Medivac x2  
  170  10:22  Supply Depot  
  170  10:28  Marauder x4  
  176  10:39  Marine x2  
  176  10:40  Marine x5  
  180  10:43  SCV x3  
  182  10:50  Command Center  
  182  10:54  Marauder x2  
  160  11:06  Marauder x2  
  160  11:10  Marine x3, Command Center  
  163  11:15  SCV x3  
  163  11:16  Marauder  
  168  11:22  Marine x3, Medivac x2  
  172  11:26  Marine x2  
  172  11:29  Widow Mine x2  
  178  11:35  Marine  
  178  11:36  Marine  
  178  11:39  Orbital Command  
  178  11:44  SCV x3  
  178  11:45  Marine  
  178  11:46  Marine x5  
  178  11:47  Marine  
  187  11:49  Widow Mine  
  187  11:52  Medivac x2  
  192  11:57  SCV  
  184  12:01  Marauder  
  184  12:02  Marine x2, Marauder x2  
  184  12:04  Widow Mine x2  
  184  12:05  Marine x3  
  188  12:09  Marine x3  
  188  12:10  Marine  
  188  12:15  SCV x3  
  194  12:19  Ghost Academy  
  194  12:20  Refinery  
  194  12:22  Marauder, Sensor Tower  
  196  12:24  Marauder x2  
  200  12:34  Orbital Command  
  189  12:40  Marine x2  
  189  12:43  Widow Mine x2  
  161  12:46  SCV x2  
  161  12:47  SCV x2  
  130  12:57  Orbital Command  
  130  12:58  SCV x2  
  127  12:59  SCV x2  
  127  13:03  SCV  
  130  13:08  Marine  
  130  13:09  Marine x7  
  130  13:10  SCV x2  
  130  13:11  SCV x2  
  142  13:15  SCV  
  149  13:29  Refinery  
  144  13:35  SCV x2  
  144  13:37  SCV x2  
Show
View Real Time Build Order
Export as new Build Order

Dark Zerg - Winner!

Build Orders: Hatch First 

Get SALT Encoding   

  12  0:00  Drone  
  13  0:12  Overlord  
  13  0:17  Drone  
  14  0:30  Drone x2  
  16  0:47  Hatchery  
  15  0:52  Drone  
  15  0:56  Drone  
  17  0:59  Drone  
  18  1:13  Spawning Pool  
  18  1:15  Drone  
  18  1:19  Drone  
  19  1:28  Drone  
  20  2:01  Queen x2  
  20  2:02  Zergling x2  
  25  2:08  Zergling x2  
  25  2:09  Zergling x2  
  27  2:16  Hatchery  
  27  2:17  Overlord  
  27  2:18  Drone  
  27  2:21  Drone  
  28  2:37  Queen  
  28  2:39  Queen  
  28  2:41  Drone  
  33  2:47  Drone x2  
  35  2:56  Zergling x2, Overlord  
  36  3:02  Overlord  
  35  3:11  Zergling x2  
  35  3:14  Queen  
  35  3:16  Drone x3  
  35  3:19  Drone  
  41  3:23  Queen  
  44  3:27  Drone  
  44  3:28  Drone  
  44  3:31  Drone  
  46  3:36  Queen  
  48  3:42  Drone x3  
  48  3:45  Drone  
  48  3:47  Drone  
  53  3:49  Drone x2  
  53  3:52  Drone  
  56  3:56  Queen  
  56  4:01  Overlord  
  58  4:05  Overlord  
  58  4:09  Overlord  
  58  4:16  Overlord  
  57  4:19  Overlord  
  57  4:20  Drone  
  57  4:21  Drone x5  
  63  4:27  Drone  
  65  4:31  Drone x3  
  65  4:32  Drone x2  
  65  4:33  Drone x2  
  65  4:34  Drone  
  72  4:39  Drone  
  72  4:42  Queen, Extractor  
  72  4:44  Queen  
  72  4:45  Extractor  
  75  4:52  Drone x3  
  78  4:54  Drone x2  
  78  4:56  Drone x3  
  78  4:57  Extractor  
  82  5:08  Drone x3  
  82  5:11  Drone  
  82  5:13  Hatchery  
  85  5:16  Drone x4  
  85  5:20  Extractor x2  
  87  5:24  Drone  
  87  5:28  Lair  
  88  5:30  Zergling x10  
  93  5:41  Hatchery, Drone, Baneling Nest  
  92  5:43  Evolution Chamber  
  92  5:44  Zergling x6, Evolution Chamber  
  93  5:51  Overlord  
  93  5:53  Metabolic Boost  
  93  5:57  Drone  
  93  5:59  Zergling x2  
  93  6:00  Zergling x6  
  93  6:01  Overlord x2  
  93  6:02  Overlord x2  
  98  6:06  Hatchery  
  98  6:11  Drone x4  
  99  6:12  Zerg Melee Weapons Level 1  
  99  6:15  Zerg Ground Armor Level 1  
  99  6:16  Drone  
  101  6:21  Zergling x2  
  103  6:25  Zergling x12  
  103  6:31  Centrifugal Hooks  
  108  6:34  Zergling x14  
  113  6:49  Drone x6  
  116  6:55  Drone x3, Overlord  
  116  6:57  Drone x2  
  116  7:00  Drone x2  
  120  7:04  Drone x3  
  120  7:08  Drone  
  124  7:13  Hydralisk Den  
  124  7:15  Drone x4  
  127  7:19  Baneling x7  
  127  7:22  Baneling x4  
  127  7:24  Zergling x12  
  133  7:33  Zergling x8  
  137  7:37  Baneling  
  137  7:43  Zergling x8, Grooved Spines  
  141  7:45  Overlord  
  141  7:48  Hatchery, Overlord  
  141  7:51  Overlord  
  138  7:52  Overlord  
  138  7:53  Overlord  
  138  7:54  Spore Crawler, Overlord  
  137  7:58  Overlord  
  137  8:05  Zergling x2, Infestation Pit  
  137  8:06  Zergling x24  
  137  8:09  Zerg Melee Weapons Level 2  
  137  8:10  Zerg Ground Armor Level 2  
  148  8:15  Zergling x8  
  148  8:16  Zergling x10, Evolution Chamber  
  156  8:23  Baneling x2  
  156  8:24  Baneling x5  
  156  8:27  Zergling x2  
  156  8:28  Zergling x22  
  156  8:33  Muscular Augments  
  168  8:36  Zergling x10  
  159  8:50  Zergling x32  
  158  8:59  Drone x4, Hive  
  158  9:05  Burrow  
  158  9:06  Baneling x2  
  158  9:08  Pneumatized Carapace  
  158  9:10  Drone x3  
  158  9:13  Hydralisk  
  158  9:14  Extractor, Hydralisk x9  
  158  9:15  Extractor  
  179  9:29  Baneling, Spore Crawler  
  179  9:30  Hatchery, Overseer  
  176  9:31  Zergling x12  
  176  9:32  Zergling x10  
  185  9:41  Zerg Missile Weapons Level 1  
  184  9:46  Zergling x30  
  184  9:48  Baneling x5  
  199  9:59  Baneling x3  
  195  10:10  Overseer x2  
  195  10:11  Overlord x3  
  195  10:13  Baneling x12  
  191  10:31  Overlord x3  
  191  10:35  Zergling x20  
  199  10:50  Adrenal Glands  
  199  10:51  Zerg Melee Weapons Level 3, Zerg Ground Armor Level 3  
  178  11:10  Zergling x52  
  198  11:24  Drone  
  197  11:31  Zergling x2  
  197  11:32  Zergling x14  
  200  11:33  Hatchery, Baneling x3  
  200  11:34  Baneling x2  
  199  11:43  Baneling x12  
  199  11:44  Baneling x11  
  198  11:51  Zergling x12  
  186  12:03  Zergling x40  
  186  12:04  Zergling x10  
  186  12:05  Overseer x3  
  199  12:16  Zergling x2  
  200  12:28  Baneling  
  200  12:30  Baneling  
  200  12:31  Baneling x2  
  180  12:43  Zergling x26  
  180  12:44  Zergling x18  
  155  12:53  Zergling x16  
  161  12:59  Zergling x22  
  172  13:05  Drone  
  172  13:06  Zergling x12  
  172  13:08  Baneling x15  
  172  13:12  Zergling x6  
  181  13:18  Zergling x2  
  181  13:19  Zergling x12  
  188  13:21  Baneling  
  188  13:22  Baneling x4  
  188  13:23  Drone x3  
  188  13:24  Spore Crawler, Drone, Baneling x3  
  188  13:25  Baneling  
Tags
 
Matchup
TvZ
Player
ByuNDark
Replay Pack
December 2023
Spawn Locations
Cross Positions
Add a new tag
Caveats
  • Supply blocks, unpowered buildings, or Contaminate may cause inaccurate times.
  • Supply counts are checked every 10 seconds.